 Dungeon Crawl Stone Soup version 0.27-a0-1105-g946c659c87 (webtiles) character file.

Game seed: 6826139931694387899

72 siradein the Chopper (level 4, -15/36 HPs)
             Began as a Ghoul Gladiator on Apr 30, 2021.
             Demolished by an orc warrior
             ... wielding a +0 dire flail
              (17 damage)
             ... on level 2 of the Dungeon.
             The game lasted 00:02:32 (2311 turns).

siradein the Chopper (Ghoul Gladiator)              Turns: 2311, Time: 00:02:32

Health: -15/36     AC:  4    Str: 17    XL:     4   Next: 25%
Magic:  3/3        EV: 12    Int:  3    God:
Gold:   76         SH:  0    Dex: 11    Spells: 3/3 levels left

rFire    . . .     SeeInvis .   a - +0 war axe
rCold    + . .     Faith    .   (no shield)
rNeg     + + +     Spirit   .   b - +0 leather armour
rPois    ∞         Reflect  .   c - +0 helmet
rElec    .         Harm     .   (no cloak)
rCorr    .         Rampage  .   (no gloves)
Will     .....                  (no boots)
Stlth    +.........             (no amulet)
HPRegen  0.00/turn              (no ring)
MPRegen  0.08/turn              (no ring)

@: no status effects
A: claws 1, cold resistance 1, negative energy resistance 3, inhibited
regeneration, torment resistance 2, unbreathing 1
a: no special abilities


You were on level 2 of the Dungeon.
You visited 1 branch of the dungeon, and saw 3 of its levels.

You collected 76 gold pieces.

Inventory:

Hand Weapons
 a - a +0 war axe (weapon)
Missiles
 d - 3 throwing nets (quivered)
Armour
 b - a +0 leather armour (worn)
 c - a +0 helmet (worn)
Scrolls
 f - 2 scrolls of magic mapping {unknown}
 g - a scroll of teleportation {unknown}
 h - a scroll of blinking {unknown}
Potions
 e - 2 potions of curing {unknown}
 i - a potion of might {unknown}
 j - a potion of degeneration {unknown}


   Skills:
 - Level 2.1 Fighting
 + Level 4.5 Axes
 - Level 1.7 Throwing
 - Level 2.6 Dodging


You had 3 spell levels left.
You didn't know any spells.
Your spell library was empty.

Dungeon Overview and Level Annotations

Branches:
Dungeon (3/15)

Altars:

Shops:
D:2 [=[[*


Innate Abilities, Weirdness & Mutations

You thrive by killing the living.
You are immune to poison.
You have sharp fingernails.
Your flesh is cold resistant. (rC+)
You are immune to negative energy. (rN+++)
You do not regenerate when monsters are visible.
You are immune to unholy pain and torment.
You can survive without breathing.


Message History

The worm misses you.
You hit the worm.
The worm is severely wounded.
The worm barely misses you.
You hit the worm but do no damage.
The worm is severely wounded.
You hit the worm.
You kill the worm!
You feel better.
No target in view!
HP restored.
You see here a worm corpse.
You see here a worm corpse.
There is a stone staircase leading up here.
An orc comes into view. It is wielding a +0 club.
The orc shouts!
You hear a shout!
An orc comes into view. It is wielding a +0 dagger.
The orc shouts!
An orc warrior comes into view. It is wielding a +0 dire flail.
An orc comes into view. It is wielding a +0 whip. x2
The orc moves out of view.
The orc hits you with a +0 club.
The orc shouts! x2
You hit the orc but do no damage. The orc closely misses you.
The orc hits you with a +0 club.
You hit the orc.
The orc is heavily wounded.
The orc hits you with a +0 club.
There is a stone staircase leading up here.
The orc warrior hits you with a +0 dire flail!!
Ouch! That really hurt!
You climb upwards.
There is a stone staircase leading down here.
The orc warrior barely misses you.
Unknown command.
The orc warrior hits you with a +0 dire flail!
* * * LOW HITPOINT WARNING * * *
You see here a +0 club.
The orc warrior hits you with a +0 dire flail!
You die...

.##....#............#.####....###
.##..........#..........##.######
................................#
......#....................######
.......##...........∩............
.......##.###....................
.................)).........#....
.................o...###.###.....
.#..........##..@#####.###.##..<.
....................#.#_#.#....##
...######.#.###.####.###.#####..#
........#...# #.# ###.###.##....
...####...#####.## #.....#.##....
.### ##.........###.....#..#....
.# ##..#####........>......... ##
##...# #..###.....####.... ##
##...## ##.# ####### #....


You could see an orc warrior.

Vanquished Creatures
  5 adders (D:2)
  A worm (D:3)
  A dart slug (D:2)
  2 ball pythons
  An endoplasm (D:2)
  2 giant cockroaches (D:1)
  2 hobgoblins
  3 jackals (D:2)
  A kobold (D:2)
  A quokka (D:2)
  3 frilled lizards
  2 goblins (D:2)
24 creatures vanquished.

Notes
Turn   | Place    | Note
-------+----------+-------------------------------------------
     0 | D:1      | siradein the Ghoul Gladiator began the quest for the Orb.
     0 | D:1      | Reached XP level 1. HP: 17/17 MP: 0/0
   252 | D:1      | Reached skill level 3 in Axes
   476 | D:1      | Reached XP level 2. HP: 23/24 MP: 1/1
   711 | D:2      | HP: 1/24 [kobold/+2 short sword of holy wrath (5)]
  1208 | D:2      | Found Zozat's Assorted Antiques.
  1328 | D:2      | Found Suoteto's Armour Shop.
  1371 | D:2      | Reached XP level 3. HP: 15/29 MP: 2/2
  1600 | D:2      | Found a faded altar of an unknown god.
  1654 | D:2      | Reached skill level 4 in Axes
  1891 | D:2      | Found Tubeloh's Antique Armour Boutique.
  1899 | D:2      | Found Opehonla's Jewellery Shoppe.
  1911 | D:2      | Reached XP level 4. HP: 36/36 MP: 3/3
  1919 | D:2      | Found Elykeeca's Armour Emporium.
  2263 | D:3      | Noticed an orc warrior
  2311 | D:2      | Demolished by an orc warrior

Illustrated notes

Levels and vault maps discovered:
D:1:      sevenhm_arrival_forest_fort_large_2, layout_loops_ring
D:2:      layout_rooms, chequers_ecumenical_altar_twisty, serial_shops,
          nicolae_shop_trees, nicolae_shop_waterfront, shop, shop, shop
D:3:      layout_loops_ring, kennysheep_ying_yang,
          chequers_serial_rivers_micro_d

Skill      XL: |  1  2  3 |
---------------+----------+-----
Axes           | 3 4 |  4.5
Fighting       | |  2.1
Throwing       | |  1.7
Dodging        | |  2.6

Action                   |  1- 3 |  4- 6 || total
-------------------------+-------+-------++-------
Melee: War axe           |   110 |    25 ||   135
Armor: Leather armour    |    42 |     3 ||    45
Dodge: Dodged            |    87 |    17 ||   104

Table legend: (Time is in decaauts)
 A = Elapsed time spent in this place.
 B = Non-inter-level travel time spent in this place.
 C = Inter-level travel time spent in this place.
 D = Time resting spent in this place.
 E = Time spent auto-exploring this place.
 F = Levels seen in this place.
 G = Mean time per level.
                   A        B        C        D        E       F      G
               +--------+--------+--------+--------+--------+-----+--------+
         Total |   2354 |   2310 |     44 |    281 |   1738 |   3 |  784.7 |
       Dungeon |   2354 |   2310 |     44 |    281 |   1738 |   3 |  784.7 |
               +--------+--------+--------+--------+--------+-----+--------+

Top non-repeatable levels by time:
     D:2: 1368 daAuts
     D:1: 934 daAuts
     D:3: 52 daAuts
